 Dungeon Crawl Stone Soup version 0.20-a0-555-gf6ae02d (webtiles) character file.

45 Minion the Ruffian (level 3, 0/36 HPs)
             Began as a Troll Monk on Feb 7, 2017.
             Slain by a goblin
             ... wielding a +0 club
             ... led by Robin
              (3 damage)
             ... on level 2 of the Dungeon.
             The game lasted 00:01:33 (966 turns).

Minion the Ruffian (Troll Monk)                      Turns: 966, Time: 00:01:33

Health: 0/36       AC:  5    Str: 19    XL:     3   Next: 42%
Magic:  2/2        EV: 10    Int:  6    God:
Gold:   48         SH:  0    Dex: 13    Spells: 2/2 levels left

rFire    . . .     SeeInvis .     - Unarmed
rCold    . . .     Gourm    +   a - +0 robe
rNeg     . . .     Faith    .   (no shield)
rPois    .         Spirit   .   (helmet restricted)
rElec    .         Reflect  .   (no cloak)
rCorr    .         Harm     .   (gloves unavailable)
MR       .....                  (boots unavailable)
Stlth    ++........             (no amulet)
Regen    0.6/turn               (no ring)
                                f - ring of flight

@: no status effects
A: unfitting armour, claws 3, fast metabolism 3, gourmand, regeneration 1,
shaggy fur 1, tough skin 2
a: Evoke Flight


You were on level 2 of the Dungeon.
You were full.

You visited 1 branch of the dungeon, and saw 2 of its levels.

You collected 48 gold pieces.

Inventory:

Armour
 a - a +0 robe (worn)
Jewellery
 f - a ring of flight (left claw)
Scrolls
 c - 3 scrolls of identify {unknown}
 d - 2 scrolls of blinking {unknown}
 e - a scroll of teleportation {unknown}
 g - a scroll of noise {unknown}
 i - a scroll of enchant armour {unknown}
Potions
 h - 2 potions of mutation {unknown}
 j - 2 potions of cure mutation {unknown}
Comestibles
 b - 3 bread rations
 k - a meat ration


   Skills:
 - Level 2.4 Fighting
 - Level 2.4 Dodging
 - Level 1.0 Stealth
 + Level 4.5 Unarmed Combat


You had 2 spell levels left.
You didn't know any spells.

Dungeon Overview and Level Annotations

Branches:
Dungeon (2/15)

Altars:
The Shining One


Innate Abilities, Weirdness & Mutations

You are too large for most types of armour.
You have claws for hands.
Your metabolism is lightning-fast.
You like to eat raw meat.
Your natural rate of healing is unusually fast.
You are covered in fur. (AC +1)
You have very tough skin. (AC +2)


Message History

The hobgoblin hits you but does no damage.
You scratch the hobgoblin.
The hobgoblin is moderately wounded.
The goblin misses you. The hobgoblin hits you.
* * * LOW HITPOINT WARNING * * *
The dart slug launches a dart at you. The slug dart hits you!
* * * LOW HITPOINT WARNING * * *
The hobgoblin barely misses you.
You scratch the hobgoblin.
The hobgoblin is heavily wounded.
The goblin no longer looks unusually strong.
The goblin misses you. The hobgoblin closely misses you.
The dart slug bites you but does no damage.
You scratch the hobgoblin.
The hobgoblin is severely wounded.
The hobgoblin barely misses you.
The hobgoblin hits you but does no damage.
The goblin hits you with a club.
You die...

...##.........#
...........#####
##.####.......... ##.#
#.#######.. g ...# #.#
#... #### #.# ##g#g ## .#
#.######.g. .g
.######.......gg###g###.#
..........####.g@gSg(....
.#####.........w#######..
.####.....####..#
......>..(......#
#####...######..# .......
#..# ####.#. ..... #.###
#..##. #. #..# #


You could see an adder, a dart slug, 2 hobgoblins and 6 goblins.

Vanquished Creatures
  Robin (D:2)
  3 dart slugs (D:1)
  2 leopard geckos
  6 bats (D:1)
  A giant cockroach (D:2)
  5 goblins
  A hobgoblin (D:1)
  2 kobolds
  A ball python (D:1)
  2 frilled lizards
  3 rats (D:1)
27 creatures vanquished.

Notes
Turn   | Place    | Note
-------+----------+-------------------------------------------
     0 | D:1      | Minion the Troll Monk began the quest for the Orb.
     0 | D:1      | Reached XP level 1. HP: 22/22 MP: 0/0
   111 | D:1      | Reached XP level 2. HP: 29/29 MP: 1/1
   516 | D:1      | Reached skill level 4 in Unarmed Combat
   797 | D:2      | Found a glowing golden altar of the Shining One.
   829 | D:2      | Reached XP level 3. HP: 35/36 MP: 2/2
   943 | D:2      | Noticed Robin
   950 | D:2      | Killed Robin
   966 | D:2      | Slain by a goblin

Vault maps used:
D:1:      dpeg_arrival_three_same_balls
D:2:      tso_metal_star, nemelex_xobeh_ov_fountains_minmay, uniq_robin

Skill      XL: |  1  2 |
---------------+-------+-----
Unarmed Combat | 4 |  4.5
Fighting       | |  2.4
Dodging        | |  2.4
Stealth        | |  1.0

Action                   || total
-------------------------++-------
Melee: Unarmed           ||    68
       Punch             ||     1
 Stab: Sleeping          ||     2
  Eat: Chunk             ||    11
Armor: Robe              ||    28
Dodge: Dodged            ||    42
